 Dungeon Crawl Stone Soup version 0.28-a0-1510-gd0f6b136d3 (webtiles) character file.

Game seed: 12142505274530577661

97 horus123 the Chopper (level 4, -2/40 HPs)
             Began as a Hill Orc Monk on Jan 16, 2022.
             Was a Believer of Beogh.
             Slain by a gnoll (6 damage)
             ... on level 3 of the Dungeon.
             The game lasted 00:05:07 (2847 turns).

horus123 the Chopper (Hill Orc Monk)                Turns: 2847, Time: 00:05:08

Health: -2/40      AC:  4    Str: 15    XL:     4   Next: 68%
Magic:  4/4        EV: 12    Int: 10    God:    Beogh [**....]
Gold:   41         SH:  0    Dex: 13    Spells: 3/3 levels left

rFire   . . .      SeeInvis .   a - +0 hand axe
rCold   . . .      Faith    .   (no shield)
rNeg    . . .      Spirit   .   f - +0 leather armour
rPois   .          Reflect  .   (no helmet)
rElec   .          Harm     .   e - +0 cloak
rCorr   .          Rampage  .   (no gloves)
Will    .....                   (no boots)
Stlth   ++........              (no amulet)
HPRegen 0.13/turn               (no ring)
MPRegen 0.09/turn               (no ring)

@: no status effects
A: no striking features
a: Renounce Religion, Smiting


You were on level 3 of the Dungeon.
You worshipped Beogh.
Beogh was pleased with you.
You visited 1 branch of the dungeon, and saw 3 of its levels.

You collected 41 gold pieces.

Inventory:

Hand Weapons
 a - a +0 hand axe (weapon)
Armour
 b - a +0 robe
 e - a +0 cloak (worn)
 f - a +0 leather armour (worn)
Potions
 c - 2 potions of heal wounds {unknown}
 d - a potion of degeneration {unknown}


   Skills:
 - Level 4.1 Fighting
 - Level 6.4 Axes
 - Level 2.4 Dodging
 - Level 1.5 Stealth
 + Level 1.2 Invocations


You had 3 spell levels left.
You didn't know any spells.
Your spell library was empty.

Dungeon Overview and Level Annotations

Branches:
Dungeon (3/15)

Altars:

Shops:
D:1 (   D:3 ([


Message History

You closely miss the gnoll. The gnoll closely misses you.
There is an open door here.
The gnoll closely misses you.
You slash the gnoll!
The gnoll is heavily wounded.
You closely miss the gnoll.
The gnoll is heavily wounded.
The gnoll closely misses you.
The gnoll hits you from afar with a +0 halberd!
You hit the gnoll.
The gnoll is severely wounded.
The gnoll hits you with a +0 club. The gnoll barely misses you.
You hit the gnoll.
You kill the gnoll!
Beogh accepts your kill. The gnoll closely misses you.
Your Invocations skill increases to level 1!
The gnoll hits you from afar with a +0 spear!
The gnoll barely misses you.
Things that are here:
a +0 club; a gnoll corpse You hit the gnoll.
The gnoll is moderately wounded.
The gnoll closely misses you. The gnoll barely misses you.
You hit the gnoll but do no damage.
The gnoll is moderately wounded.
The gnoll hits you from afar with a +0 spear.
The gnoll closely misses you.
You barely miss the gnoll.
The gnoll is moderately wounded.
The gnoll hits you from afar with a +0 spear.
* * * LOW HITPOINT WARNING * * *
The gnoll closely misses you. The gnoll barely misses you.
Found a hand crossbow.
Found a stone staircase leading down.
The gnoll hits you from afar with a +0 halberd!
* * * LOW HITPOINT WARNING * * *
The gnoll hits you from afar with a +0 halberd.
You die...

#.....##.##
#.
#.........#
#.
...)#..#..#
#.
......#.#..#
#. #####
#.#g.# #.
#....# #.
##gg.# #.
####...#
#....@.#
######.# .#
##


You could see 3 gnolls.

Vanquished Creatures
  A gnoll (D:3)
  2 adders (D:3)
  3 worms (D:2)
  2 dart slugs
  5 bats
  3 endoplasms
  4 giant cockroaches
  3 goblins
  6 hobgoblins
  2 jackals (D:1)
  3 quokkas
  A ball python (D:1)
  2 frilled lizards
  12 kobolds
  7 rats
56 creatures vanquished.

Vanquished Creatures (others)
  An orc (D:3)
  A hobgoblin (D:3)
  A kobold (D:3)
3 creatures vanquished.

Grand Total: 59 creatures vanquished

Notes
Turn   | Place    | Note
-------+----------+-------------------------------------------
     0 | D:1      | horus123 the Hill Orc Monk began the quest for the Orb.
     0 | D:1      | Reached XP level 1. HP: 19/19 MP: 1/1
   174 | D:1      | Reached XP level 2. HP: 25/27 MP: 2/2
   599 | D:1      | Found Qitofumi's Antique Weapon Emporium.
   708 | D:1      | Found a faded altar of an unknown god.
   898 | D:1      | Reached skill level 5 in Axes
   898 | D:1      | Reached XP level 3. HP: 33/33 MP: 3/3
  2018 | D:2      | Reached XP level 4. HP: 37/40 MP: 4/4
  2165 | D:3      | Found Wixap's Armour Boutique.
  2175 | D:3      | Reached skill level 6 in Axes
  2365 | D:3      | Became a worshipper of Beogh the Brigand
  2365 | D:3      | Reached * piety under Beogh
  2365 | D:3      | Reached ** piety under Beogh
  2368 | D:3      | Found Yqeah's Antique Weapon Boutique.
  2832 | D:3      | Reached skill level 1 in Invocations
  2847 | D:3      | Slain by a gnoll

Illustrated notes

Levels and vault maps discovered:
D:1:      dpeg_arrival_court, layout_basic, serial_shops, shop,
          dreamdust_ecumenical_altar_statues
D:2:      layout_rooms, minmay_indecisive_spiral
D:3:      layout_basic, serial_shops, shop_statue, nicolae_square_shop,
          minmay_misc_feat_ornament

Skill      XL: |  1  2  3  4 |
---------------+-------------+-----
Fighting       | 4 |  4.1
Axes           | 5 6 |  6.4
Invocations    | 1 |  1.2
Dodging        | |  2.4
Stealth        | |  1.5

Action                   |  1- 3 |  4- 6 || total
-------------------------+-------+-------++-------
Melee: Hand axe          |   145 |    72 ||   217
       Punch             |     2 |       ||     2
Invok: Convert to Beogh  |       |     1 ||     1
  Use: Scroll            |     2 |       ||     2
       Potion            |     1 |       ||     1
 Stab: Sleeping          |     4 |       ||     4
Armor: Robe              |    49 |       ||    49
       Leather armour    |       |    11 ||    11
Dodge: Dodged            |   104 |    52 ||   156

Table legend: (Time is in decaauts)
 A = Elapsed time spent in this place.
 B = Non-inter-level travel time spent in this place.
 C = Inter-level travel time spent in this place.
 D = Time resting spent in this place.
 E = Time spent auto-exploring this place.
 F = Levels seen in this place.
 G = Mean time per level.
                   A        B        C        D        E       F      G
               +--------+--------+--------+--------+--------+-----+--------+
         Total |   2853 |   2809 |     44 |    736 |   1525 |   3 |  951.0 |
       Dungeon |   2853 |   2809 |     44 |    736 |   1525 |   3 |  951.0 |
               +--------+--------+--------+--------+--------+-----+--------+

Top non-repeatable levels by time:
     D:2: 1079 daAuts
     D:1: 1061 daAuts
     D:3: 712 daAuts
